TOP OF THE 1ST |
Wilmington Wildcats batting - Pitching for Denver Bulls : RHP Levi Brown
|
Pitching: RHP Levi Brown
|
|
Batting: LHB Marquis Alagna
|
0-0: Swinging Strike 0-1: Foul Ball, location: 2F 0-2: Ball 1-2: Strikes out swinging
|
Batting: RHB Shayne Hall
|
0-0: Ball 1-0: Ball 2-0: Foul Ball, location: 2F 2-1: Ball 3-1: Foul Ball, location: 2F 3-2: Ground out 5-3 (Groundball, 56D, EV 86.2 MPH)
|
Batting: LHB Ozzie Huang
|
0-0: Foul Ball, location: 2F 0-1: Ball 1-1: Foul Ball, location: 2F 1-2: Ball 2-2: Foul Ball, location: 2F 2-2: Ball 3-2: Ground out 4-3 (Groundball, 34D, EV 90.0 MPH)
|
Top of the 1st over - 0 runs, 0 hits, 0 errors, 0 left on base; Wilmington 0 - Denver 0 |
BOTTOM OF THE 1ST |
Denver Bulls batting - Pitching for Wilmington Wildcats : RHP Rick Robertson
|
Pitching: RHP Rick Robertson
|
|
Batting: LHB Alex Cain
|
0-0: Ball 1-0: Ball 2-0: Swinging Strike 2-1: Swinging Strike 2-2: Ball 3-2: Foul Ball, location: 2F 3-2: Base on Balls
|
Batting: RHB Brad Pendolino
|
0-0: Ball 1-0: Called Strike Alex Cain steals 2nd base (no throw) 1-1: Swinging Strike 1-2: Ball 2-2: Strikes out looking
|
Batting: LHB Johnathan Wang
|
0-0: Ball 1-0: Called Strike 1-1: Ball 2-1: Foul Ball, location: 2F 2-2: Foul Ball, location: 2F 2-2: Strikes out swinging
|
Batting: RHB Kyle Bruns
|
0-0: Ball 1-0: Ball 2-0: Called Strike 2-1: Called Strike 2-2: SINGLE (Groundball, P, EV 91.9 MPH) (infield hit) Alex Cain to third
|
Batting: RHB Dalton Brown
|
0-0: Swinging Strike 0-1: Ball 1-1: Ball 2-1: Foul Ball, location: 2F 2-2: Ball 3-2: Strikes out looking
|
Bottom of the 1st over - 0 runs, 1 hit, 0 errors, 2 left on base; Wilmington 0 - Denver 0 |
TOP OF THE 2ND |
Wilmington Wildcats batting - Pitching for Denver Bulls : RHP Levi Brown
|
Batting: RHB Zachariah White
|
0-0: Called Strike 0-1: Called Strike 0-2: Ball 1-2: DOUBLE (Groundball, 5L, EV 101.9 MPH)
|
Batting: LHB Kelvin Kenney
|
0-0: Foul Ball, location: 2F 0-1: Ball 1-1: Ball 2-1: Ball 3-1: Ground out 3-1 (Groundball, 34, EV 90.0 MPH) Zachariah White to third
|
Batting: RHB Jim Jimenez
|
0-0: Foul Ball, location: 2F 0-1: Ball 1-1: Foul Ball, location: 2F 1-2: Strikes out swinging
|
Batting: LHB Dorsey Cahue
|
0-0: Ball 1-0: Called Strike 1-1: Fly out, F4 (Flyball, 34D, EV 88.8 MPH)
|
Top of the 2nd over - 0 runs, 1 hit, 0 errors, 1 left on base; Wilmington 0 - Denver 0 |
BOTTOM OF THE 2ND |
Denver Bulls batting - Pitching for Wilmington Wildcats : RHP Rick Robertson
|
Batting: LHB Jeromy Cardenas
|
0-0: Foul Ball, location: 2F 0-1: Ball 1-1: Ball 2-1: Fly out, F9 (Line Drive, 89M, EV 100.6 MPH)
|
Batting: RHB Oscar McKinney
|
0-0: Ground out 4-3 (Groundball, 4M, EV 80.0 MPH)
|
Batting: RHB Randy Wassell
|
0-0: Ball 1-0: Fly out, F8 (Flyball, 89D, EV 96.2 MPH)
|
Bottom of the 2nd over - 0 runs, 0 hits, 0 errors, 0 left on base; Wilmington 0 - Denver 0 |
TOP OF THE 3RD |
Wilmington Wildcats batting - Pitching for Denver Bulls : RHP Levi Brown
|
Batting: RHB Chandler Frazee
|
0-0: Swinging Strike 0-1: Swinging Strike 0-2: Ball 1-2: Strikes out swinging
|
Batting: SHB Weston Borron
|
0-0: DOUBLE (Line Drive, 5D, EV 95.6 MPH)
|
Batting: LHB Marquis Alagna
|
0-0: Ball 1-0: Ball Weston Borron steals 3rd base 2-0: SINGLE (Flyball, 6MD, EV 93.1 MPH) Weston Borron scores
|
Batting: RHB Shayne Hall
|
0-0: Foul Ball, location: 2F 0-1: Ground out 4-3 (Groundball, 34, EV 105.6 MPH) Marquis Alagna to second
|
Batting: LHB Ozzie Huang
|
0-0: Called Strike 0-1: Ball 1-1: Ball 2-1: Ball 3-1: Base on Balls
|
Batting: RHB Zachariah White
|
0-0: Ball 1-0: Swinging Strike 1-1: Ground out 4-3 (Groundball, 4, EV 84.4 MPH)
|
Top of the 3rd over - 1 run, 2 hits, 0 errors, 2 left on base; Wilmington 1 - Denver 0 |
BOTTOM OF THE 3RD |
Denver Bulls batting - Pitching for Wilmington Wildcats : RHP Rick Robertson
|
Batting: RHB Austin Sarpong
|
0-0: Swinging Strike 0-1: Swinging Strike 0-2: Strikes out looking
|
Batting: LHB Alex Cain
|
0-0: Fly out, F9 (Flyball, 9, EV 90.6 MPH)
|
Batting: RHB Brad Pendolino
|
0-0: Ball 1-0: Called Strike 1-1: Ground out U3 (Groundball, 34, EV 106.2 MPH)
|
Bottom of the 3rd over - 0 runs, 0 hits, 0 errors, 0 left on base; Wilmington 1 - Denver 0 |
TOP OF THE 4TH |
Wilmington Wildcats batting - Pitching for Denver Bulls : RHP Levi Brown
|
Batting: LHB Kelvin Kenney
|
0-0: Called Strike 0-1: Ball 1-1: Ball 2-1: Ball 3-1: Called Strike 3-2: Ground out 5-3 (Groundball, 56, EV 79.4 MPH)
|
Batting: RHB Jim Jimenez
|
0-0: Called Strike 0-1: Ball 1-1: Foul Ball, location: 2F 1-2: SINGLE (Line Drive, 34D, EV 102.5 MPH)
|
Batting: LHB Dorsey Cahue
|
0-0: Ball Jim Jimenez steals 2nd base 1-0: Called Strike 1-1: SINGLE (Groundball, 34S, EV 68.1 MPH) (infield hit) Jim Jimenez to third
|
Batting: RHB Chandler Frazee
|
0-0: Foul Ball, location: 2F 0-1: Ball Dorsey Cahue is caught stealing 2nd base 2-4 1-1: Foul Ball, location: 2F 1-2: Strikes out looking
|
Top of the 4th over - 0 runs, 2 hits, 0 errors, 1 left on base; Wilmington 1 - Denver 0 |
BOTTOM OF THE 4TH |
Denver Bulls batting - Pitching for Wilmington Wildcats : RHP Rick Robertson
|
Batting: LHB Johnathan Wang
|
0-0: Ball 1-0: Foul Ball, location: 2F 1-1: Ball 2-1: DOUBLE (Line Drive, 7LS, EV 100.0 MPH)
|
Batting: RHB Kyle Bruns
|
0-0: Ball 1-0: DOUBLE (Flyball, 89D, EV 91.2 MPH) Johnathan Wang scores
|
Batting: RHB Dalton Brown
|
0-0: Fly out, F7 (Flyball, 7LM, EV 91.9 MPH)
|
Batting: LHB Jeromy Cardenas
|
0-0: Called Strike 0-1: Swinging Strike 0-2: Ground out 6-3 (Groundball, 56, EV 84.4 MPH)
|
Batting: RHB Oscar McKinney
|
0-0: Foul Ball, location: 2F 0-1: Ball 1-1: Ball 2-1: SINGLE (Groundball, 56S, EV 70.0 MPH) (infield hit) Kyle Bruns to third
|
Batting: RHB Randy Wassell
|
0-0: Called Strike 0-1: Fielders Choice at 2nd, 6-4 (Groundball, 6, EV 81.9 MPH)
|
Bottom of the 4th over - 1 run, 3 hits, 0 errors, 2 left on base; Wilmington 1 - Denver 1 |
TOP OF THE 5TH |
Wilmington Wildcats batting - Pitching for Denver Bulls : RHP Levi Brown
|
Batting: SHB Weston Borron
|
0-0: Swinging Strike 0-1: Foul Ball, location: 2F 0-2: Ball 1-2: Strikes out swinging
|
Pitching: RHP Webb Martinez
|
|
Batting: LHB Marquis Alagna
|
0-0: Called Strike 0-1: Ball 1-1: Foul Ball, location: 2F 1-2: SINGLE (Line Drive, 7S, EV 103.1 MPH)
|
Batting: RHB Shayne Hall
|
0-0: Ball 1-0: Foul Ball, location: 2F 1-1: Foul Ball, location: 2F 1-2: Strikes out swinging
|
Batting: LHB Ozzie Huang
|
0-0: Ball 1-0: Foul Ball, location: 2F 1-1: Ball 2-1: Ball 3-1: Base on Balls Marquis Alagna to second
|
Batting: RHB Zachariah White
|
0-0: Fly out, F9 (Flyball, 9S, EV 94.4 MPH)
|
Top of the 5th over - 0 runs, 1 hit, 0 errors, 2 left on base; Wilmington 1 - Denver 1 |
BOTTOM OF THE 5TH |
Denver Bulls batting - Pitching for Wilmington Wildcats : RHP Rick Robertson
|
Batting: RHB Austin Sarpong
|
0-0: Ball 1-0: Swinging Strike 1-1: Ground out U3 (Groundball, 13, EV 82.5 MPH)
|
Batting: LHB Alex Cain
|
0-0: SINGLE (Flyball, 9S, EV 97.5 MPH)
|
Batting: RHB Brad Pendolino
|
0-0: Ball Alex Cain steals 2nd base 1-0: Foul Ball, location: 2F 1-1: Swinging Strike 1-2: Ball 2-2: Ball 3-2: Foul Ball, location: 2F 3-2: Strikes out swinging
|
Batting: LHB Johnathan Wang
|
0-0: Called Strike 0-1: Ground out 6-3 (Groundball, 6M, EV 81.9 MPH)
|
Bottom of the 5th over - 0 runs, 1 hit, 0 errors, 1 left on base; Wilmington 1 - Denver 1 |
TOP OF THE 6TH |
Wilmington Wildcats batting - Pitching for Denver Bulls : RHP Webb Martinez
|
Batting: LHB Kelvin Kenney
|
0-0: Foul Ball, location: 2F 0-1: Ball 1-1: Ground out 4-3 (Groundball, 4D, EV 105.0 MPH)
|
Batting: RHB Jim Jimenez
|
0-0: SINGLE (Line Drive, 4D, EV 97.5 MPH)
|
Pitching: RHP Eddie Bollenbach
|
|
Batting: LHB Dorsey Cahue
|
0-0: Ball 1-0: Ball 2-0: DOUBLE (Flyball, 78XD, EV 106.2 MPH) Jim Jimenez to third
|
Batting: RHB Chandler Frazee
|
0-0: Swinging Strike 0-1: Called Strike 0-2: Ball 1-2: Fly out, F8 (Flyball, 8RD, EV 85.6 MPH) Runner from 3rd tags up, SCORES, throw by CF
|
Batting: SHB Weston Borron
|
0-0: Ball 1-0: Ball Passed Ball! Dorsey Cahue to third 2-0: Foul Ball, location: 2F 2-1: Ball 3-1: Called Strike 3-2: Foul Ball, location: 2F 3-2: Strikes out swinging
|
Top of the 6th over - 1 run, 2 hits, 0 errors, 1 left on base; Wilmington 2 - Denver 1 |
BOTTOM OF THE 6TH |
Denver Bulls batting - Pitching for Wilmington Wildcats : RHP Rick Robertson
|
Batting: RHB Kyle Bruns
|
0-0: Foul Ball, location: 2F 0-1: Ball 1-1: Ball 2-1: Foul Ball, location: 2F 2-2: Foul Ball, location: 2F 2-2: Fly out, F9 (Flyball, 9, EV 96.2 MPH)
|
Batting: RHB Dalton Brown
|
0-0: Called Strike 0-1: Swinging Strike 0-2: Ball 1-2: Foul Ball, location: 2F 1-2: Strikes out swinging
|
Batting: LHB Jeromy Cardenas
|
0-0: Called Strike 0-1: Called Strike 0-2: Foul Ball, location: 2F 0-2: Foul Ball, location: 2F 0-2: Foul Ball, location: 2F 0-2: SINGLE (Groundball, 4D, EV 104.4 MPH)
|
Batting: RHB Oscar McKinney
|
0-0: Called Strike 0-1: Ball 1-1: Ball 2-1: Ball 3-1: Called Strike 3-2: Base on Balls Jeromy Cardenas to second
|
Batting: RHB Randy Wassell
|
0-0: Called Strike 0-1: Foul Ball, location: 2F 0-2: Ball 1-2: Strikes out swinging
|
Bottom of the 6th over - 0 runs, 1 hit, 0 errors, 2 left on base; Wilmington 2 - Denver 1 |
TOP OF THE 7TH |
Wilmington Wildcats batting - Pitching for Denver Bulls : RHP Eddie Bollenbach
|
Pitching: LHP Chandler Magnuson
|
|
Batting: LHB Marquis Alagna
|
0-0: Called Strike 0-1: Ball 1-1: Foul Ball, location: 2F 1-2: Strikes out swinging
|
Batting: RHB Shayne Hall
|
0-0: Ball 1-0: Foul Ball, location: 2F 1-1: Fly out, F2 (Popup, 2LF, EV 94.4 MPH)
|
Batting: LHB Ozzie Huang
|
0-0: Called Strike 0-1: Ball 1-1: Ball 2-1: Called Strike 2-2: Ground out 4-3 (Groundball, 4, EV 84.4 MPH)
|
Top of the 7th over - 0 runs, 0 hits, 0 errors, 0 left on base; Wilmington 2 - Denver 1 |
BOTTOM OF THE 7TH |
Denver Bulls batting - Pitching for Wilmington Wildcats : RHP Rick Robertson
|
Batting: RHB Austin Sarpong
|
0-0: Ball 1-0: Called Strike 1-1: Called Strike 1-2: Ground out 4-3 (Groundball, 34, EV 87.5 MPH)
|
Batting: LHB Alex Cain
|
0-0: Ball 1-0: Foul Ball, location: 2F 1-1: Foul Ball, location: 2F 1-2: Strikes out looking
|
Batting: RHB Brad Pendolino
|
0-0: Called Strike 0-1: Ball 1-1: Ball 2-1: Ball 3-1: DOUBLE (Line Drive, 9LM, EV 106.9 MPH) - OUT at third base trying to stretch hit.
|
Bottom of the 7th over - 0 runs, 1 hit, 0 errors, 0 left on base; Wilmington 2 - Denver 1 |
TOP OF THE 8TH |
Wilmington Wildcats batting - Pitching for Denver Bulls : LHP Chandler Magnuson
|
Batting: RHB Zachariah White
|
0-0: Foul Ball, location: 2F 0-1: Ball 1-1: Ball 2-1: Ball 3-1: Swinging Strike 3-2: Strikes out swinging
|
Batting: LHB Kelvin Kenney
|
0-0: Ball 1-0: Ball 2-0: Foul Ball, location: 2F 2-1: Ball 3-1: Called Strike 3-2: Base on Balls
|
Batting: RHB Jim Jimenez
|
0-0: Fielders Choice at 2nd, 6-4 (Groundball, 56, EV 100.6 MPH)
|
Pitching: LHP Derek Bane
|
|
Batting: LHB Dorsey Cahue
|
0-0: Called Strike 0-1: Ball 1-1: Foul Ball, location: 2F 1-2: Strikes out looking
|
Top of the 8th over - 0 runs, 0 hits, 0 errors, 1 left on base; Wilmington 2 - Denver 1 |
BOTTOM OF THE 8TH |
Denver Bulls batting - Pitching for Wilmington Wildcats : RHP Rick Robertson
|
Pitching: RHP Abel Harreld
|
|
Batting: LHB Johnathan Wang
|
0-0: Ball 1-0: Swinging Strike 1-1: Ball 2-1: Swinging Strike 2-2: Strikes out swinging
|
Batting: RHB Kyle Bruns
|
0-0: Foul Ball, location: 2F 0-1: SINGLE (Groundball, 56, EV 101.2 MPH)
|
Batting: RHB Dalton Brown
|
0-0: Ball 1-0: Foul Ball, location: 2F 1-1: Called Strike 1-2: Foul Ball, location: 2F 1-2: Ball 2-2: Ball 3-2: Strikes out looking
|
Batting: LHB Jeromy Cardenas
|
0-0: Fly out, F7 (Flyball, 7LMF, EV 96.9 MPH)
|
Bottom of the 8th over - 0 runs, 1 hit, 0 errors, 1 left on base; Wilmington 2 - Denver 1 |
TOP OF THE 9TH |
Wilmington Wildcats batting - Pitching for Denver Bulls : LHP Derek Bane
|
Batting: RHB Chandler Frazee
|
0-0: Ball 1-0: Ball 2-0: Ball 3-0: Base on Balls
|
Batting: SHB Weston Borron
|
0-0: Bunted foul 0-1: Bunted foul 0-2: SINGLE (Line Drive, 8RS, EV 110.6 MPH) Chandler Frazee to second
|
Pinch Runner at 2nd Josiah Swallow:
|
|
Batting: LHB Marquis Alagna
|
0-0: Ball 1-0: Swinging Strike 1-1: Ball 2-1: Fielders Choice at 2nd, 5-4 (Groundball, 56, EV 85.6 MPH) Josiah Swallow to third
|
Batting: RHB Shayne Hall
|
0-0: Ball 1-0: Ball 2-0: Called Strike 2-1: Swinging Strike 2-2: Strikes out swinging
|
Pinch Hitting: RHB Johnny Jackson
|
0-0: Ball 1-0: Called Strike 1-1: Ball 2-1: Fly out, F8 (Flyball, 78M, EV 85.6 MPH)
|
Top of the 9th over - 0 runs, 1 hit, 0 errors, 2 left on base; Wilmington 2 - Denver 1 |
BOTTOM OF THE 9TH |
Denver Bulls batting - Pitching for Wilmington Wildcats : RHP Abel Harreld
|
Now at C: Jason Walker
|
|
Now at 1B: Scott Baisley
|
|
Batting: RHB Oscar McKinney
|
0-0: Called Strike 0-1: Ground out 6-3 (Groundball, 56, EV 100.0 MPH)
|
Batting: RHB Randy Wassell
|
0-0: Ball 1-0: Ball 2-0: Foul Ball, location: 2F 2-1: Foul Ball, location: 2F 2-2: Ball 3-2: Strikes out swinging
|
Pinch Hitting: LHB Zavier Cobb
|
0-0: Called Strike 0-1: Called Strike 0-2: Ball 1-2: Foul Ball, location: 2F 1-2: Strikes out swinging
|
Bottom of the 9th over - 0 runs, 0 hits, 0 errors, 0 left on base; Wilmington 2 - Denver 1 |
|